 Dungeon Crawl Stone Soup version 0.30.1 (webtiles) character file.

Game seed: 5066081323326098776

5882 kawopi the Destroyer (level 10, 0/69 HPs)
             Began as a Red Draconian Conjurer on July 6, 2023.
             Was a Believer of Vehumet.
             Slain by Snorg (6 damage)
             ... on level 10 of the Dungeon.
             The game lasted 00:26:40 (11190 turns).

kawopi the Destroyer (Red Draconian Conjurer)      Turns: 11190, Time: 00:26:40

Health: 0/69       AC: 12    Str:  9    XL:     10   Next: 52%
Magic:  22/22      EV: 14    Int: 20    God:    Vehumet [**....]
Gold:   509        SH:  0    Dex: 11    Spells: 18/25 levels left

rFire   + + .        y - +1 long sword (holy)
rCold   . . .        (no shield)
rNeg    . . .        (body armour unavailable)
rPois   .            g - +2 hat
rElec   .            (no cloak)
rCorr   .            (no gloves)
SInv    .            n - +2 pair of boots
Will    +....        (no amulet)
Stlth   ++           q - ring of willpower
HPRegen 0.31/turn    C - ring of protection from fire
MPRegen 0.18/turn

%: no passive effects
@: lethally poisoned (0 -> -12), short of breath, slowed, unable to drink, very
slow
A: breathe fire, AC +7, unfitting armour, fire resistance 1, cold-blooded, dopey
1, inability to drink after injury 1
a: Breathe Fire, Renounce Religion


You were on level 10 of the Dungeon.
You worshipped Vehumet.
Vehumet was pleased with you.
You visited 2 branches of the dungeon, and saw 11 of its levels.

You collected 509 gold pieces.

Inventory:

Hand Weapons
 a - a +1 short sword
 y - a +1 long sword of holy wrath (weapon)
 D - a +2 whip of holy wrath
Armour
 g - a +2 hat (worn)
 i - an orb of guile
 n - a +2 pair of boots (worn)
 I - a +0 pair of gloves
Magical Staves
 l - a staff of death
Jewellery
 q - a ring of willpower (left hand)
 C - a ring of protection from fire (right hand)
 F - a ring of flight
 G - an amulet of reflection
Wands
 b - a wand of mindburst (23)
 w - a wand of polymorph (1)
 B - a wand of flame (5)
 E - a wand of digging (2)
Scrolls
 c - a scroll of vulnerability
 e - 8 scrolls of teleportation
 f - a scroll of butterflies
 h - 2 scrolls of enchant armour
 j - 2 scrolls of silence
 o - 2 scrolls of immolation
 s - a scroll of enchant weapon
 z - a scroll of amnesia
Potions
 d - 4 potions of brilliance
 k - 2 potions of magic
 m - a potion of lignification
 p - 2 potions of curing
 r - a potion of berserk rage
 u - 3 potions of heal wounds
 v - a potion of haste
 x - 2 potions of flight


   Skills:
 + Level 6.0 Dodging
 - Level 1.7 Stealth
 * Level 8.4 Spellcasting
 * Level 9.9 Conjurations
 * Level 8.7 Fire Magic


You had 18 spell levels left.
You knew the following spells:

 Your Spells              Type           Power      Damage    Failure   Level
a - Magic Dart            Conj           100%       1d8       1%          1
b - Searing Ray           Conj           96%        2d7       1%          2
c - Iskenderun's Mystic   Conj/Tloc      28%        2d7       11%         4

Your spell library contained the following spells:

 Spells                   Type           Power      Damage    Failure   Level
 Shock                    Conj/Air       100%       1d9       1%          1
 Dazzling Flash           Conj/Hex       56%        N/A       3%          3
 Fulminant Prism          Conj/Hex       14%        3d8       11%         4
 Ensorcelled Hibernation  Hex/Ice        16%        N/A       12%         2
 Ozocubu's Armour         Ice            8%         N/A       24%         3
 Spider Form              Tmut/Pois      8%         N/A       24%         3
 Anguish                  Hex/Necr       4%         N/A       63%         4
 Leda's Liquefaction      Hex/Erth       4%         N/A       63%         4
 Summon Ice Beast         Ice/Summ       8%         N/A       63%         4
 Lee's Rapid Deconstruct  Erth           4%         3d5*      92%         5
 Summon Mana Viper        Hex/Summ       8%         N/A       92%         5
 Statue Form              Tmut/Erth      5%         N/A       100%        6
 Monstrous Menagerie      Summ           4%         N/A       100%        7
 Ozocubu's Refrigeration  Ice            4%         4d8       100%        7


Dungeon Overview and Level Annotations

Branches:
Dungeon (10/15)            Temple (1/1) D:5
   Lair: D:8-11         Orc: D:9-12

Altars:
Ashenzari
Cheibriados
Dithmenos
Gozag
Kikubaaqudgha
Makhleb
Nemelex Xobeh
Qazlal
Ru
Trog
Vehumet
Xom

Shops:
D:4 :   D:5 (   D:8 *

Annotations:
D:8 Amaemon
D:10 Snorg, Sonja


Innate Abilities, Weirdness & Mutations

You can breathe blasts of fire.
Your fiery red scales are hard. (AC +7)
You cannot fit into any form of body armour.
Your flesh is heat resistant. (rF+)
You are cold-blooded and may be slowed by cold attacks.
You are dopey. (Int -2)
You occasionally lose the ability to drink potions when taking damage.


Message History

Press: ? - help, Shift-Dir - straight line, f - Snorg
Aim: Snorg (68% to hit)
You breathe a blast of fire.
The fiery breath hits Snorg!
Snorg is lightly wounded.
You feel very sick.
Sonja throws a curare-tipped dart.
The curare-tipped dart closely misses you.
The curare-tipped dart closely misses Snorg.
Snorg is engulfed in blazing flames.
Snorg goes berserk!
Sonja bows elegantly.
Aiming: Mindburst
Press: ? - help, Shift-Dir - straight line, f - Sonja, p - Snorg
Aim: Sonja, wielding a +0 short sword of venom and quivering curare-tipped darts (chance to affect: 72%) Sonja's mind is blasted!
You feel very sick.
Snorg is engulfed in blazing flames.
Snorg bites you. Snorg claws you. Snorg closely misses you.
Snorg is engulfed in blazing flames.
Snorg bites you!!
You feel threatened and lose the ability to drink potions!
Snorg closely misses you. Snorg claws you but does no damage.
Okay, then.
Okay, then.
You cannot drink potions in your current state!
Unknown command.
Unknown command.
You cannot drink potions in your current state!
Snorg attacks as you move away! Snorg barely misses you. Snorg claws you!
* * * LOW HITPOINT WARNING * * *
Snorg barely misses you.
You feel very sick.
Snorg is engulfed in blazing flames.
Sonja drinks a potion.
Sonja is healed!
Snorg bites you.
* * * LOW HITPOINT WARNING * * *
Snorg closely misses you. Snorg barely misses you.
Sonja hits you but does no damage.
You are lethally poisoned!
Sonja misses you. Sonja closely misses you. Snorg bites you.
* * * LOW HITPOINT WARNING * * *
Snorg misses you. Snorg claws you.
You die...

,,,,,,,,,,,,,,,**************,,,,
,,,*,**,,..##**#........,,*,,,***
,,,*,*,,,....#*#........,,,,,**
,,,*,**,**#...,...........#.**
,,,*,**,* *...##...?........*
,**,,,,,* **#..#...........#*
,***,,***####..#.........$#* ,*
*,,,**#........$.......# ,*
*,*.**,,**#.K@<........####### ,*
*,*....#####T####).####.......
,***,,.........○.............####
,,,*,*#################....###...
,*,,,* ####....... ,,,,,*
#####... ***,,* #... *,,* #..>
**** #...


You could see Snorg (berserk) and Sonja.

Vanquished Creatures
  A death yak (D:8)
  Maggie (D:6)
  Grinder (D:5)
  Sigmund (D:2)
  A shadow (D:8)
  2 wyverns
  3 steam dragons (D:8)
  Menkaure (D:4)
  An acid dragon (D:8)
  2 water moccasins
  3 orc warriors
  A sky beast (D:6)
  A black bear (D:6)
  An ice beast (D:6)
  A wolf (D:8)
  An ogre (D:6)
  2 centaurs
  Blork the orc (D:6)
  2 gnoll sergeants (D:8)
  A bullfrog (D:7)
  A scorpion (D:5)
  3 wights (D:8)
  9 killer bees
  A howler monkey (D:5)
  3 electric eels
  4 hounds
  2 wyvern simulacra (D:8)
  5 jellies
  7 orc priests
  4 gnoll boudas
  A sleepcap (D:7)
  Ijyb (D:3)
  6 iguanas
  6 orc wizards
  29 gnolls
  11 adders
  4 white imps
  An ufetubus (D:4)
  3 worms
  A dart slug (D:4)
  29 orcs
  5 bats
  6 endoplasms
  A giant cockroach (D:2)
  9 hobgoblins
  3 kobolds
  3 quokkas
  10 ball pythons
  8 goblins
  3 rats
207 creatures vanquished.

Notes
Turn   | Place    | Note
-------+----------+-------------------------------------------
     0 | D:1      | kawopi the Draconian Conjurer began the quest for the Orb.
     0 | D:1      | Reached XP level 1. HP: 14/14 MP: 3/3
   295 | D:1      | Reached XP level 2. HP: 5/20 MP: 1/5
   410 | D:1      | Learned a level 2 spell: Searing Ray
  1193 | D:2      | Reached XP level 3. HP: 26/26 MP: 3/6
  1314 | D:2      | Noticed Sigmund
  1328 | D:2      | HP: 1/26 [Sigmund/+0 scythe (8)]
  1329 | D:2      | Killed Sigmund
  1330 | D:2      | Reached skill level 5 in Conjurations
  1330 | D:2      | Reached XP level 4. HP: 1/33 MP: 0/9
  1330 | D:2      | Reached XP level 5. HP: 1/38 MP: 0/10
  1629 | D:2      | Found a faded altar of an unknown god.
  2162 | D:3      | Gained mutation: You are dopey. (Int -2) [potion of
                  | mutation]
  2162 | D:3      | Gained mutation: You occasionally lose the ability to drink
                  | potions when taking damage. [potion of mutation]
  2809 | D:3      | Noticed Ijyb
  2819 | D:3      | Killed Ijyb
  3149 | D:4      | Found a snail-covered altar of Cheibriados.
  3160 | D:4      | Found Kuipuc's Book Shoppe.
  3170 | D:4      | Reached XP level 6. HP: 45/45 MP: 12/12
  3449 | D:4      | Found a burning altar of Makhleb.
  3767 | D:4      | Noticed Menkaure
  3837 | D:4      | Reached skill level 6 in Conjurations
  4021 | D:4      | Killed Menkaure
  4022 | D:4      | Your scales start taking on a fiery red colour.
  4022 | D:4      | Reached XP level 7. HP: 50/50 MP: 5/14
  4022 | D:4      | Gained mutation: Your flesh is heat resistant. (rF+) [Red
                  | Draconian growth]
  4399 | D:5      | Entered Level 5 of the Dungeon
  4475 | D:5      | Reached skill level 5 in Spellcasting
  4475 | D:5      | Reached skill level 1 in Fire Magic
  4597 | D:5      | Found a staircase to the Ecumenical Temple.
  4657 | Temple   | Entered the Ecumenical Temple
  4724 | Temple   | Became a worshipper of Vehumet
  4803 | D:5      | Found Furph's Antique Weapon Boutique.
  4926 | D:5      | Noticed Grinder
  4966 | D:5      | Paralysed by Grinder for 2 turns
  5368 | D:5      | Paralysed by Grinder for 4 turns
  5376 | D:5      | Paralysed by Grinder for 5 turns
  5384 | D:5      | Paralysed by Grinder for 2 turns
  5413 | D:5      | Paralysed by Grinder for 5 turns
  5420 | D:5      | Killed Grinder
  5421 | D:5      | Reached skill level 7 in Conjurations
  5421 | D:5      | Reached XP level 8. HP: 50/57 MP: 11/16
  5955 | D:5      | Learned a level 4 spell: Iskenderun's Mystic Blast
  6186 | D:6      | Noticed Blork the orc
  6188 | D:6      | Killed Blork the orc
  6332 | D:6      | Reached * piety under Vehumet
  6332 | D:6      | Offered knowledge of Foxfire by Vehumet.
  6339 | D:6      | Reached skill level 5 in Fire Magic
  6565 | D:6      | Noticed Maggie
  6582 | D:6      | Killed Maggie
  6583 | D:6      | Reached skill level 8 in Conjurations
  6583 | D:6      | Reached XP level 9. HP: 39/62 MP: 4/18
  7257 | D:7      | Found a sacrificial altar of Ru.
  7264 | D:7      | Found a broken altar of Ashenzari.
  7416 | D:7      | Reached skill level 5 in Dodging
  8863 | D:7      | Reached skill level 9 in Conjurations
  9424 | D:8      | Reached XP level 10. HP: 64/69 MP: 15/21
  9609 | D:8      | Offered knowledge of Shock by Vehumet.
  9801 | D:8      | Reached ** piety under Vehumet
 10260 | D:8      | Noticed a death yak
 10290 | D:8      | Killed a death yak
 10671 | D:8      | Found Viaxkoa's General Store.
 10680 | D:8      | Noticed Amaemon
 11063 | D:8      | Found a sparkling altar of Nemelex Xobeh.
 11157 | D:9      | You fall into a shaft and drop 1 floor!
 11157 | D:10     | Entered Level 10 of the Dungeon
 11171 | D:10     | Noticed Snorg
 11176 | D:10     | Noticed Sonja
 11190 | D:10     | Slain by Snorg

Illustrated notes

Levels and vault maps discovered:
D:1:      dpeg_arrival_more_subterranean_lakeside_camping, layout_loops_ring,
          minmay_tetromino_s4
D:2:      layout_basic, shapermc_ecumenical_altar_starsandcircs, uniq_sigmund
D:3:      layout_rooms, uniq_ijyb
D:4:      layout_basic, mainiacjoe_overflow_large_starburst, serial_shops, shop,
          serial_curves, eino_curves_04, eino_curves_02, uniq_menkaure
D:5:      layout_layer_cave, temple_pool_b, serial_shops, shop,
          nicolae_underground_beach, uniq_grinder
D:6:      layout_cave_pods, uniq_blork_the_orc, uniq_maggie
D:7:      layout_layer_cave, nicolae_overflow_squiral
D:8:      layout_basic, nemelex_spade_bored_becter, serial_ice, serial_ice_m,
          serial_ice_o, serial_ice_c, serial_ice_n, serial_shops,
          nicolae_shop_window_shopping, minmay_tree_intersection, uniq_amaemon
D:9:      layout_roguey, minmay_shattered_shrine
D:10:     layout_rooms, enter_bailey_3, chequers_jeans, uniq_snorg, uniq_sonja
Temple:   minmay_crystal_spiral_temple

Skill      XL: |  1  2  3  4  5  6  7  8  9 10 |
---------------+-------------------------------+-----
Dodging        | 2 3 4 5 6 |  6.0
Spellcasting   | 3 4 5 6 7 8 |  8.4
Conjurations   | 5 6 7 8 9 |  9.9
Fire Magic     | 3 5 7 8 |  8.7
Stealth        | |  1.7

Action                     |  1- 3 |  4- 6 |  7- 9 | 10-12 || total
---------------------------+-------+-------+-------+-------++-------
  Melee: Dagger            |    21 |       |       |       ||    21
         Short sword       |    41 |    31 |    52 |       ||   124
         Tailslap          |     5 |     5 |     9 |     2 ||    21
         Staff             |       |    10 |       |       ||    10
         Unarmed           |       |       |    11 |       ||    11
         Long sword        |       |       |    22 |    12 ||    34
         Punch             |       |       |       |     1 ||     1
   Cast: Magic Dart        |    30 |    51 |    67 |    29 ||   177
         Searing Ray       |     3 |    18 |    48 |    15 ||    84
Ability: Breathe Fire      |       |       |    32 |    13 ||    45
  Evoke: Wand              |       |       |     2 |     3 ||     5
    Use: Potion            |     3 |     6 |     1 |       ||    10
         Scroll            |     1 |    10 |     8 |     4 ||    23
   Stab: Sleeping          |     1 |       |     1 |       ||     2
 Armour: Skin              |    35 |    23 |    70 |    15 ||   143
  Dodge: Dodged            |    61 |    34 |   120 |    55 ||   270
